 Dungeon Crawl Stone Soup version 0.30.0-5-g1a98f26d00 (webtiles) character file.

Game seed: 13234986511954821973

138 backslashecho the Slasher (level 5, 0/42 HPs)
             Began as a Demonspawn Monk on May 9, 2023.
             Was a Believer of Dithmenos.
             Succumbed to a scorpion's poison
             ... on level 3 of the Dungeon.
             The game lasted 00:03:58 (2099 turns).

backslashecho the Slasher (Demonspawn Monk)         Turns: 2099, Time: 00:03:58

Health: 0/42       AC:  3    Str:  8 (11) XL:     5   Next: 1%
Magic:  5/5        EV: 13    Int:  8 (11) God:    Dithmenos [**....]
Gold:   83         SH:  5    Dex: 16 (18) Spells: 4/4 levels left

rFire   . . .        a - +0 falchion
rCold   . . .        (no shield)
rNeg    . . .        i - +0 robe
rPois   .            (helmet restricted)
rElec   .            (no cloak)
rCorr   .            (no gloves)
SInv    .            o - +0 pair of boots
Will    .....        n - amulet of reflection
Stlth   ++           (no ring)
HPRegen 0.27/turn    (no ring)
MPRegen 0.18/turn

%: reflection
@: lethally poisoned (0 -> -8), wreathed by umbra
A: horns 1, magic regeneration
a: Renounce Religion, Shadow Step


You were on level 3 of the Dungeon.
You worshipped Dithmenos.
Dithmenos was pleased with you.
You visited 1 branch of the dungeon, and saw 3 of its levels.

You collected 83 gold pieces.

Inventory:

Hand Weapons
 a - a +0 falchion (weapon)
 b - a +0 sling
Missiles
 k - 2 poisoned darts (quivered)
Armour
 i - a +0 robe (worn)
 o - a +0 pair of boots (worn)
Jewellery
 n - an amulet of reflection (around neck)
Scrolls
 e - 2 scrolls of blinking {unknown}
 f - 3 scrolls of noise {unknown}
 h - a scroll of teleportation {unknown}
 j - a scroll of amnesia {unknown}
 p - a scroll of identify {unknown}
Potions
 c - 2 potions of ambrosia
 d - a potion of flight {unknown}
 g - 2 potions of degeneration
 l - 4 potions of curing {unknown}
 m - a potion of heal wounds {unknown}


   Skills:
 + Level 3.7 Fighting
 * Level 4.1 Long Blades
 + Level 3.3 Dodging
 - Level 1.0 Unarmed Combat


You had 4 spell levels left.
You didn't know any spells.
Your spell library contained the following spells:

 Spells                   Type           Power      Damage    Failure   Level
 Ignite Poison            Fire/Tmut/Pois 0%         N/A       78%         3
 Vhi's Electric Charge    Tloc/Air       0%         N/A       78%         3
 Sticky Flame             Conj/Fire      0%         2d3       99%         4
 Arcjolt                  Conj/Air       0%         1d10      100%        5
 Ignition                 Fire           0%         3d3       100%        8
 Maxwell's Capacitive Co  Air            0%         ∞         100%        8


Dungeon Overview and Level Annotations

Branches:
Dungeon (3/15)

Altars:
Ashenzari
Dithmenos

Shops:
D:2 (   D:3 :


Innate Abilities, Weirdness & Mutations

You have a pair of small horns on your head.
You regenerate magic rapidly.


Message History

You hit the scorpion.
The scorpion is heavily wounded.
The scorpion misses you.
You hit the scorpion.
The scorpion is almost dead.
The scorpion barely misses you.
You hit the scorpion but do no damage.
You headbutt the scorpion, but do no damage.
The scorpion is almost dead.
The scorpion barely misses you. The scorpion stings you.
You are poisoned.
The scorpion poisons you!
You take 5 damage, and have 27/42 hp.
You barely miss the scorpion. Your headbutt misses the scorpion.
The scorpion is almost dead.
You feel very sick. The scorpion completely misses you.
You take 4 damage, and have 23/42 hp.
You hit the scorpion but do no damage.
The scorpion is almost dead.
You feel sick. The scorpion barely misses you.
You take 1 damage, and have 22/42 hp.
You hit the scorpion but do no damage.
The scorpion is almost dead.
You feel sick. The scorpion stings you. x2
* * * LOW HITPOINT WARNING * * *
You hit the scorpion but do no damage.
The scorpion is almost dead.
You feel sick. The scorpion stings you.
* * * LOW HITPOINT WARNING * * *
You are lethally poisoned!
The scorpion poisons you!
You take 15 damage, and have 7/42 hp.
MASSIVE DAMAGE!!
You hit the scorpion but do no damage.
The scorpion is almost dead.
* * * LOW HITPOINT WARNING * * *
You feel very sick. The scorpion barely misses you.
You take 2 damage, and have 5/42 hp.
Okay, then.
You closely miss the scorpion.
The scorpion is severely wounded.
* * * LOW HITPOINT WARNING * * *
You feel very sick. The scorpion closely misses you.
The scorpion barely misses you.
You take 3 damage, and have 2/42 hp.
It was a potion of degeneration.
There was something very wrong with that liquid.
You feel weakened.
You feel dopey.
You feel clumsy.
You die...

##.###. ####### ##...##.
####.....# #.......
.........#########...##.
≈≈≈≈≈≈≈.....†...........
≈≈≈≈≈..).##########.####
≈_....8..# #.#
≈≈≈≈≈....# ##.####
≈≈≈≈≈≈≈@## ##......
.......s.# ##.....##
..###..##.# ##.......# .
##. ..# #......... ..
... +......... ###
.####......... #
##.......# # ##.....## +
##...##


You could see a scorpion.

Vanquished Creatures
  An orc priest (D:3)
  3 adders (D:2)
  3 worms (D:3)
  3 dart slugs
  3 orcs
  5 ball pythons
  4 bats
  5 endoplasms
  2 giant cockroaches
  6 goblins
  4 hobgoblins (D:1)
  4 jackals
  8 kobolds
  3 quokkas (D:3)
  4 frilled lizards
  6 rats
64 creatures vanquished.

Notes
Turn   | Place    | Note
-------+----------+-------------------------------------------
     0 | D:1      | backslashecho the Demonspawn Monk began the quest for the
                  | Orb.
     0 | D:1      | Reached XP level 1. HP: 18/18 MP: 1/1
    90 | D:1      | Gained mutation: You regenerate magic rapidly. [demonic
                  | ancestry]
    90 | D:1      | Reached XP level 2. HP: 24/24 MP: 2/2
   141 | D:1      | Reached skill level 1 in Unarmed Combat
   142 | D:1      | Reached skill level 3 in Long Blades
   346 | D:1      | Gained mutation: You have a pair of small horns on your
                  | head. [demonic ancestry]
   346 | D:1      | Reached XP level 3. HP: 22/29 MP: 3/3
  1074 | D:2      | Found Ili Joarph's Antique Weapon Emporium.
  1107 | D:2      | Reached XP level 4. HP: 28/35 MP: 4/4
  1190 | D:2      | Found a shadowy altar of Dithmenos.
  1703 | D:3      | Reached skill level 4 in Long Blades
  1873 | D:3      | Found a faded altar of an unknown god.
  1878 | D:3      | Prayed at the altar of an unknown god.
  1878 | D:3      | Became a worshipper of Dithmenos the Shadowed
  1878 | D:3      | Reached * piety under Dithmenos
  1878 | D:3      | Reached ** piety under Dithmenos
  1880 | D:3      | Noticed a scorpion
  1983 | D:3      | Found Heomain's Book Boutique.
  2063 | D:3      | Found a broken altar of Ashenzari.
  2074 | D:3      | Reached XP level 5. HP: 39/42 MP: 5/5
  2098 | D:3      | HP: 2/42 [poisoned by a scorpion]
  2099 | D:3      | Succumbed to a scorpion's poison

Illustrated notes

Levels and vault maps discovered:
D:1:      dpeg_arrival_castle, layout_loops_cross
D:2:      layout_rooms, serial_shops, nicolae_square_shop, basic_altar,
          grunt_ministairs_9
D:3:      layout_loops_corners, zin_angel, mainiacjoe_overflow_chevrons,
          mainiacjoe_overflow_catwalk, hellmonk_ecumenical_altar_leap_of_faith,
          serial_shops, shop

Skill      XL: |  1  2  3  4 |
---------------+-------------+-----
Unarmed Combat | 1 |  1.0
Long Blades    | 3 4 |  4.1
Dodging        | 3 |  3.3
Fighting       | |  3.7

Action                     |  1- 3 |  4- 6 || total
---------------------------+-------+-------++-------
  Melee: Falchion          |    81 |    78 ||   159
         Headbutt          |     4 |    18 ||    22
   Fire: Sling             |     4 |       ||     4
    Use: Potion            |       |     1 ||     1
   Stab: Sleeping          |       |     1 ||     1
 Armour: Robe              |    11 |     5 ||    16
  Dodge: Dodged            |    63 |    49 ||   112
  Block: Orb               |       |    14 ||    14
         Other             |       |     1 ||     1
